3L
PANAMA CITY PIRANHAS @ KINGSTON TOWNSHIP LEGION 9
08/29/2020
 
TOP OF THE 1ST
Panama City Piranhas batting - Pitching for Kingston Township Legion 9 : RHP Greg White
Pitching: RHP Greg White
Batting: RHB Cliff Dixon 0-0: Called Strike
0-1: Swinging Strike
0-2: Strikes out swinging
Batting: LHB Francisco Sánchez 0-0: Called Strike
0-1: Foul Ball, location: 2F
0-2: Ball
1-2: Ball
2-2: Ball
3-2: Foul Ball, location: 2F
3-2: Base on Balls
Batting: LHB Melvin Castro 0-0: SINGLE (Groundball, 4MD)
Francisco Sánchez to second
Runner from 2nd tries for 3rd, SAFE, throw made to third
Batting: SHB Marc Talamante 0-0: Ball
1-0: Fly out, F8 (Flyball, 8RS)
Batting: LHB Arturo Guzmán 0-0: Called Strike
0-1: Ball
1-1: Ball
2-1: Foul Ball, location: 2F
2-2: Strikes out looking
Top of the 1st over - 0 run(s), 1 hit(s), 0 error(s), 2 left on base; Panama City 0 - Kingston Township 0
BOTTOM OF THE 1ST
Kingston Township Legion 9 batting - Pitching for Panama City Piranhas : LHP Pedro Alejándrez
Pitching: LHP Pedro Alejándrez
Batting: RHB António Varela 0-0: Ball
1-0: Ball
2-0: Called Strike
2-1: Swinging Strike
2-2: Ground out 5-3 (Groundball, 5S)
Batting: RHB Vicente Toro 0-0: Ball
1-0: Ball
2-0: Called Strike
2-1: Foul Ball, location: 2F
2-2: Ball
3-2: Base on Balls
Batting: LHB Clay Rush 0-0: Called Strike
0-1: Fielders Choice at 2nd, 3-6 (Groundball, 3)
Batting: LHB Gonzalo López 0-0: Ball
1-0: Ball
2-0: Foul Ball, location: 2F
2-1: SINGLE (Groundball, 4M)
Clay Rush to second
Batting: RHB Akihiko Oike 0-0: Called Strike
0-1: Ground out 5-3 (Groundball, 5)
Bottom of the 1st over - 0 run(s), 1 hit(s), 0 error(s), 2 left on base; Panama City 0 - Kingston Township 0
TOP OF THE 2ND
Panama City Piranhas batting - Pitching for Kingston Township Legion 9 : RHP Greg White
Batting: RHB Jeff Bass 0-0: Ball
1-0: Swinging Strike
1-1: SINGLE (Line Drive, 9LM)
Batting: RHB Félix Rodríguez 0-0: Grounds into double play, 4-6-3 (Groundball, 4)
Batting: RHB Bertrand Sunter 0-0: Ball
1-0: Ground out 6-3 (Groundball, 6)
Top of the 2nd over - 0 run(s), 1 hit(s), 0 error(s), 0 left on base; Panama City 0 - Kingston Township 0
BOTTOM OF THE 2ND
Kingston Township Legion 9 batting - Pitching for Panama City Piranhas : LHP Pedro Alejándrez
Batting: LHB Wilfrid Savary 0-0: Ball
1-0: Foul Ball, location: 2F
1-1: Swinging Strike
1-2: Ground out 4-3 (Groundball, 4)
Batting: RHB Chet Nix 0-0: Fly out, F9 (Flyball, 9D)
Batting: RHB Ernie McPherson 0-0: Called Strike
0-1: Swinging Strike
0-2: SINGLE (Flyball, 89M)
Batting: RHB Greg White 0-0: Ball
1-0: Ball
2-0: Called Strike
2-1: Ground out 4-3 (Groundball, 4)
Bottom of the 2nd over - 0 run(s), 1 hit(s), 0 error(s), 1 left on base; Panama City 0 - Kingston Township 0
TOP OF THE 3RD
Panama City Piranhas batting - Pitching for Kingston Township Legion 9 : RHP Greg White
Batting: LHB Pedro Alejándrez 0-0: Ball
1-0: Ball
2-0: Ball
3-0: Called Strike
3-1: Called Strike
3-2: Ground out 3-1 (Groundball, 34)
Batting: RHB Cliff Dixon 0-0: Called Strike
0-1: Ball
1-1: Foul Ball, location: 2F
1-2: Ground out 1-3 (Groundball, 23)
Batting: LHB Francisco Sánchez 0-0: Foul Ball, location: 2F
0-1: Foul Ball, location: 2F
0-2: Foul Ball, location: 2F
0-2: DOUBLE (Groundball, 3L)
Batting: LHB Melvin Castro 0-0: Ball
1-0: Ground out 4-3 (Groundball, 4M)
Top of the 3rd over - 0 run(s), 1 hit(s), 0 error(s), 1 left on base; Panama City 0 - Kingston Township 0
BOTTOM OF THE 3RD
Kingston Township Legion 9 batting - Pitching for Panama City Piranhas : LHP Pedro Alejándrez
Batting: RHB António Varela 0-0: Foul Ball, location: 2F
0-1: Foul Ball, location: 2F
0-2: Ball
1-2: Fly out, F8 (Flyball, 8RXD)
Batting: RHB Vicente Toro 0-0: Ball
1-0: Called Strike
1-1: Ball
2-1: SINGLE (Flyball, 89M)
Batting: LHB Clay Rush 0-0: Called Strike
0-1: Foul Ball, location: 2F
0-2: Foul Ball, location: 2F
0-2: Ground out 5-3 (Groundball, 6S)
Vicente Toro to second
Batting: LHB Gonzalo López 0-0: Called Strike
0-1: Ground out U3 (Groundball, 3L)
Bottom of the 3rd over - 0 run(s), 1 hit(s), 0 error(s), 1 left on base; Panama City 0 - Kingston Township 0
TOP OF THE 4TH
Panama City Piranhas batting - Pitching for Kingston Township Legion 9 : RHP Greg White
Batting: SHB Marc Talamante 0-0: Fly out, F7 (Flyball, 7S)
Batting: LHB Arturo Guzmán 0-0: SINGLE (Groundball, 4M)
Batting: RHB Jeff Bass 0-0: Ball
1-0: Ball
2-0: Ball
3-0: Base on Balls
Arturo Guzmán to second
Batting: RHB Félix Rodríguez 0-0: Called Strike
0-1: Ball
1-1: Foul Ball, location: 2F
1-2: Foul Ball, location: 2F
1-2: Foul Ball, location: 2F
1-2: Ball
2-2: Grounds into double play, 4-6-3 (Groundball, 4)
Top of the 4th over - 0 run(s), 1 hit(s), 0 error(s), 1 left on base; Panama City 0 - Kingston Township 0
BOTTOM OF THE 4TH
Kingston Township Legion 9 batting - Pitching for Panama City Piranhas : LHP Pedro Alejándrez
Batting: RHB Akihiko Oike 0-0: Ball
1-0: Foul Ball, location: 2F
1-1: Foul Ball, location: 2F
1-2: Fly out, F9 (Flyball, 9M)
Batting: LHB Wilfrid Savary 0-0: Ball
1-0: Foul Ball, location: 2F
1-1: Ball
2-1: Called Strike
2-2: Ball
3-2: Foul Ball, location: 2F
3-2: Foul Ball, location: 2F
3-2: Base on Balls
Batting: RHB Chet Nix 0-0: Called Strike
0-1: Ground out 5-3 (Groundball, 5S)
Wilfrid Savary to second
Batting: RHB Ernie McPherson 0-0: Ball
1-0: Called Strike
1-1: Foul Ball, location: 2F
1-2: DOUBLE (Groundball, 5L)
Wilfrid Savary scores
Batting: RHB Greg White 0-0: Ball
1-0: Foul Ball, location: 2F
1-1: Foul Ball, location: 2F
1-2: Strikes out swinging
Bottom of the 4th over - 1 run(s), 1 hit(s), 0 error(s), 1 left on base; Panama City 0 - Kingston Township 1
TOP OF THE 5TH
Panama City Piranhas batting - Pitching for Kingston Township Legion 9 : RHP Greg White
Batting: RHB Bertrand Sunter 0-0: Ball
1-0: Ball
2-0: Ball
3-0: Called Strike
3-1: DOUBLE (Line Drive, 7LM)
Batting: LHB Pedro Alejándrez 0-0: Sac Bunt - play at first, batter OUT! 1-4
Bertrand Sunter to third
Batting: RHB Cliff Dixon 0-0: Ball
1-0: Ball
2-0: Swinging Strike
2-1: SINGLE (Flyball, 9S)
Bertrand Sunter scores
Batting: LHB Francisco Sánchez 0-0: Called Strike
0-1: Called Strike
0-2: Ball
1-2: Ball
2-2: Ball
3-2: Strikes out swinging
Batting: LHB Melvin Castro 0-0: Ball
1-0: Ball
2-0: Called Strike
2-1: Foul Ball, location: 2F
2-2: Foul Ball, location: 2F
2-2: Ball
3-2: Fly out, F8 (Flyball, 8RXD)
Top of the 5th over - 1 run(s), 2 hit(s), 0 error(s), 1 left on base; Panama City 1 - Kingston Township 1
BOTTOM OF THE 5TH
Kingston Township Legion 9 batting - Pitching for Panama City Piranhas : LHP Pedro Alejándrez
Batting: RHB António Varela 0-0: Called Strike
0-1: Foul Ball, location: 2F
0-2: Foul Ball, location: 2F
0-2: Foul Ball, location: 2F
0-2: Ball
1-2: Ball
2-2: Ball
3-2: Strikes out swinging
Batting: RHB Vicente Toro 0-0: Fly out, F9 (Flyball, 9D)
Batting: LHB Clay Rush 0-0: Swinging Strike
0-1: Ball
1-1: Called Strike
1-2: Strikes out swinging
Bottom of the 5th over - 0 run(s), 0 hit(s), 0 error(s), 0 left on base; Panama City 1 - Kingston Township 1
TOP OF THE 6TH
Panama City Piranhas batting - Pitching for Kingston Township Legion 9 : RHP Greg White
Batting: SHB Marc Talamante 0-0: Called Strike
0-1: Ground out U3 (Groundball, 3L)
Batting: LHB Arturo Guzmán 0-0: Fly out, F3 (Line Drive, 34)
Batting: RHB Jeff Bass 0-0: Called Strike
0-1: Swinging Strike
0-2: SINGLE (Groundball, 56D)
Batting: RHB Félix Rodríguez 0-0: Called Strike
0-1: Ball
1-1: Ground out 6-3 (Groundball, 6)
Top of the 6th over - 0 run(s), 1 hit(s), 0 error(s), 1 left on base; Panama City 1 - Kingston Township 1
BOTTOM OF THE 6TH
Kingston Township Legion 9 batting - Pitching for Panama City Piranhas : LHP Pedro Alejándrez
Batting: LHB Gonzalo López 0-0: Ball
1-0: Fly out, F5 (Popup, 5F)
Batting: RHB Akihiko Oike 0-0: Foul Ball, location: 2F
0-1: Foul Ball, location: 2F
0-2: Ball
1-2: Ball
2-2: Ball
3-2: Base on Balls
Batting: LHB Wilfrid Savary 0-0: Fly out, F7 (Flyball, 7D)
Batting: RHB Chet Nix 0-0: Called Strike
0-1: SINGLE (Groundball, 56)
Akihiko Oike to second
Batting: RHB Ernie McPherson 0-0: Ball
1-0: Fly out, F6 (Line Drive, 6)
Bottom of the 6th over - 0 run(s), 1 hit(s), 0 error(s), 2 left on base; Panama City 1 - Kingston Township 1
TOP OF THE 7TH
Panama City Piranhas batting - Pitching for Kingston Township Legion 9 : RHP Greg White
Batting: RHB Bertrand Sunter 0-0: Ball
1-0: DOUBLE (Flyball, 7LD)
Batting: LHB Pedro Alejándrez 0-0: Sac Bunt - play at first, batter OUT! U3
Bertrand Sunter to third
Batting: RHB Cliff Dixon 0-0: Called Strike
0-1: Ball
1-1: Ball
2-1: Ball
3-1: SINGLE (Line Drive, 7S)
Bertrand Sunter scores
Batting: LHB Francisco Sánchez 0-0: Called Strike
0-1: Called Strike
0-2: Ball
1-2: Ball
Error on foul ball, E2
2-2: Ball
3-2: Base on Balls
Cliff Dixon to second
Batting: LHB Melvin Castro 0-0: DOUBLE (Line Drive, 3L)
Cliff Dixon scores
Francisco Sánchez to third
Runner from 3rd tries for Home, SAFE, throw made home
Batting: SHB Marc Talamante 0-0: Intentional Walk
Batting: LHB Arturo Guzmán 0-0: Foul Ball, location: 2F
0-1: Ball
1-1: Ball
2-1: Ball
3-1: Foul Ball, location: 2F
3-2: Foul Ball, location: 2F
3-2: Base on Balls
Melvin Castro to third
Marc Talamante to second
Pitching: RHP Ramón Aguilera
Now in RF: Raúl Valadez
Batting: RHB Jeff Bass 0-0: Ball
1-0: Called Strike
1-1: Hit by Pitch
Melvin Castro scores
Marc Talamante to third
Arturo Guzmán to second
Batting: RHB Félix Rodríguez 0-0: Swinging Strike
Passed Ball!
Marc Talamante scores
Arturo Guzmán to third
Jeff Bass to second
0-1: Swinging Strike
0-2: Ball
1-2: Ball
2-2: Strikes out looking
Batting: RHB Bertrand Sunter 0-0: Ball
1-0: Fly out, F9 (Flyball, 89M)
Top of the 7th over - 5 run(s), 3 hit(s), 1 error(s), 2 left on base; Panama City 6 - Kingston Township 1
BOTTOM OF THE 7TH
Kingston Township Legion 9 batting - Pitching for Panama City Piranhas : LHP Pedro Alejándrez
Batting: RHB Raúl Valadez 0-0: Fly out, F6 (Line Drive, 6)
Batting: RHB António Varela 0-0: Called Strike
0-1: Called Strike
0-2: Ball
1-2: Strikes out swinging
Batting: RHB Vicente Toro 0-0: Called Strike
0-1: SINGLE (Line Drive, 56)
Batting: LHB Clay Rush 0-0: Swinging Strike
0-1: Called Strike
0-2: Ball
1-2: Strikes out swinging
Bottom of the 7th over - 0 run(s), 1 hit(s), 0 error(s), 1 left on base; Panama City 6 - Kingston Township 1
TOP OF THE 8TH
Panama City Piranhas batting - Pitching for Kingston Township Legion 9 : RHP Ramón Aguilera
Pinch Hitting: RHB Hal Romaine 0-0: Called Strike
0-1: SINGLE (Flyball, 3D)
Batting: RHB Cliff Dixon 0-0: Grounds into double play, 1-6-3 (Groundball, 13)
Batting: LHB Francisco Sánchez 0-0: Ball
1-0: Ball
2-0: Ball
3-0: Base on Balls
Batting: LHB Melvin Castro 0-0: Ball
1-0: Swinging Strike
1-1: Ball
2-1: Foul Ball, location: 2F
2-2: Strikes out swinging
Top of the 8th over - 0 run(s), 1 hit(s), 0 error(s), 1 left on base; Panama City 6 - Kingston Township 1
BOTTOM OF THE 8TH
Kingston Township Legion 9 batting - Pitching for Panama City Piranhas : LHP Pedro Alejándrez
Pitching: RHP Lester Craft
Now at C: Vern Ewing
Batting: LHB Gonzalo López 0-0: Ball
1-0: Swinging Strike
1-1: Called Strike
1-2: SINGLE (Groundball, 34D)
Batting: RHB Akihiko Oike 0-0: Foul Ball, location: 2F
0-1: Ball
1-1: Foul Ball, location: 2F
1-2: Ball
2-2: Ball
3-2: SINGLE (Flyball, 6MD)
Gonzalo López to second
Pinch Hitting: RHB Pedro Mendoza 0-0: SINGLE (Line Drive, 7S)
Gonzalo López to third
Akihiko Oike to second
Runner from 3rd tries for Home, SAFE, throw made home
Pitching: RHP Juan Pérez
Batting: RHB Chet Nix 0-0: Ball
1-0: Called Strike
1-1: DOUBLE (Groundball, 5L)
Akihiko Oike scores
Pedro Mendoza to third
Batting: RHB Ernie McPherson 0-0: Ball
1-0: DOUBLE (Line Drive, 9LS)
Pedro Mendoza scores
Chet Nix scores
Batting: RHB Raúl Valadez 0-0: Ball
1-0: Foul Ball, location: 2F
1-1: SINGLE (Groundball, 4MD)
Ernie McPherson to third
Runner from 3rd tries for Home, throw and OUT!
Batting: RHB António Varela 0-0: Foul Ball, location: 2F
0-1: Called Strike
0-2: Foul Ball, location: 2F
0-2: Foul Ball, location: 2F
0-2: SINGLE (Line Drive, 4M)
Raúl Valadez to second
Batting: RHB Vicente Toro 0-0: Swinging Strike
0-1: Ball
1-1: Ball
2-1: Fly out, F7 (Flyball, 7M)
Batting: LHB Clay Rush 0-0: Ball
1-0: Called Strike
1-1: SINGLE (Groundball, 34)
Raúl Valadez to third
António Varela to second
Runner from 3rd tries for Home, SAFE, no throw or cutoff
Pitching: RHP Dae Yi
Batting: LHB Gonzalo López 0-0: Ball
1-0: Foul Ball, location: 2F
1-1: Ball
2-1: Foul Ball, location: 2F
2-2: Ball
3-2: Fly out, F4 (Popup, 34)
Bottom of the 8th over - 5 run(s), 8 hit(s), 0 error(s), 2 left on base; Panama City 6 - Kingston Township 6
TOP OF THE 9TH
Panama City Piranhas batting - Pitching for Kingston Township Legion 9 : RHP Ramón Aguilera
Pitching: RHP Bruce Hamilton
Now in RF: Marcos Zúńiga
Batting: SHB Marc Talamante 0-0: Called Strike
0-1: SINGLE (Line Drive, 7S)
Batting: LHB Arturo Guzmán Pickoff Throw to First - Error! E1
Marc Talamante to second
0-0: Ball
1-0: Ball
2-0: Foul Ball, location: 2F
2-1: Foul Ball, location: 2F
2-2: Foul Ball, location: 2F
2-2: Strikes out swinging
Batting: RHB Jeff Bass 0-0: Intentional Walk
Batting: RHB Félix Rodríguez 0-0: Called Strike
0-1: Called Strike
0-2: Strikes out swinging
Batting: RHB Bertrand Sunter 0-0: Called Strike
0-1: SINGLE (Line Drive, 56D)
Marc Talamante to third
Jeff Bass to second
Pinch Hitting: RHB Kyle Myers 0-0: Ball
1-0: Called Strike
1-1: Called Strike
1-2: Foul Ball, location: 2F
1-2: Ball
2-2: Strikes out swinging
Top of the 9th over - 0 run(s), 2 hit(s), 1 error(s), 3 left on base; Panama City 6 - Kingston Township 6
BOTTOM OF THE 9TH
Kingston Township Legion 9 batting - Pitching for Panama City Piranhas : RHP Dae Yi
Pitching: RHP Jessie Holley
Batting: RHB Akihiko Oike 0-0: Ball
1-0: Ball
2-0: Ball
3-0: Called Strike
3-1: Called Strike
3-2: Base on Balls
Batting: LHB Marcos Zúńiga 0-0: Bunted foul
0-1: Ball
1-1: Sac Bunt - play at first, batter OUT! 1-4
Akihiko Oike to second
Batting: RHB Chet Nix 0-0: Ball
1-0: Ball
2-0: Called Strike
2-1: Ball
3-1: Base on Balls
Batting: RHB Ernie McPherson 0-0: Ball
Wild Pitch!
Akihiko Oike to third
Chet Nix to second
1-0: Intentional Walk
Pinch Hitting: LHB Stephen Baird 0-0: Called Strike
0-1: Swinging Strike
0-2: Ball
1-2: Fly out, F7 (Flyball, 6D)
Runner from 3rd tags up, SCORES, throw made
This league is powered by Out of the Park Baseball, the baseball management simulation game for PC, Mac and Linux
Friday, October 23rd, 2015 - OOTP Baseball 16.9 Build 39